 Dungeon Crawl Stone Soup version 0.24.0-125-gc4c63601f3 (webtiles) character file.

Game seed: 5265872680046998937, levelgen mode: deterministic

22626 Divind the Grappler (level 12, -3/111 HPs)
             Began as a Troll Fighter on Mar 6, 2020.
             Was an Initiate of Jiyva.
             Slain by a 12-headed hydra (7 damage)
             ... on level 5 of the Lair of Beasts.
             The game lasted 00:54:18 (11401 turns).

Divind the Grappler (Troll Fighter)                Turns: 11401, Time: 00:54:19

Health: -3/111     AC: 13    Str: 31    XL:     12   Next: 64%
Magic:  11/11      EV: 12    Int:  4    God:    Jiyva [......]
Gold:   746        SH: 26    Dex:  9    Spells: 11/11 levels left

rFire    + + .     SeeInvis .     - Unarmed
rCold    . . .     Gourm    +   J - +5 large shield
rNeg     . . .     Faith    .   s - +0 robe
rPois    .         Spirit   .   (helmet restricted)
rElec    .         Reflect  +   (no cloak)
rCorr    .         Harm     .   (gloves unavailable)
MR       .....                  (boots unavailable)
Stlth    ++........             x - +2 amulet of reflection
HPRegen  0.68/turn              v - +2 ring of protection
MPRegen  0.12/turn              u - ring "Jyochov" {rF++ Slay+4}

@: no status effects
A: large, unfitting armour, claws 3, iridescent scales 1, slimy green scales 1,
fast metabolism 3, gourmand, regeneration 1, shaggy fur 2, tough skin 3
a: Renounce Religion


You were on level 5 of the Lair of Beasts.
You worshipped Jiyva.
Jiyva was noncommittal.
You were not hungry.

You visited 4 branches of the dungeon, and saw 18 of its levels.
You also visited: Ossuary.

You collected 746 gold pieces.

Inventory:

Armour
 a - a +0 robe
 b - a +1 shield
 s - a +0 robe (worn)
 J - a +5 large shield (worn)
Jewellery
 k - an uncursed amulet of magic regeneration
 q - an uncursed ring of ice
 u - the ring "Jyochov" (right claw) {rF++ Slay+4}
   (You found it on level 5 of the Lair of Beasts)

   [ring of slaying]

   It affects your accuracy and damage with ranged weapons and melee attacks
   (+4).
   It greatly protects you from fire.
 v - a +2 ring of protection (left claw)
 x - a +2 amulet of reflection (around neck)
 z - a +3 ring of dexterity
 E - the amulet of Amivatz {rN++ Regen+ Stlth+}
   (You found it on level 10 of the Dungeon)

   [amulet of regeneration]

   It greatly protects you from negative energy.
   It increases your rate of regeneration.
   It makes you more stealthy.
 G - a +4 ring of dexterity
 H - an uncursed ring of resist corrosion
 I - a +2 ring of dexterity
 M - an uncursed ring of ice
Wands
 m - a wand of random effects (23)
 o - a wand of iceblast (22)
 t - a wand of flame (23)
 y - a wand of clouds (3)
 L - a wand of polymorph (8)
Scrolls
 e - 2 scrolls of blinking
 f - 3 scrolls of fear
 g - 5 scrolls of remove curse
 h - 11 scrolls of teleportation
 p - a scroll of silence
 B - 2 scrolls of fog {unknown}
 C - 4 scrolls of enchant weapon
 D - 2 scrolls of amnesia
 K - a scroll of holy word {unknown}
 N - 2 scrolls of identify
 P - a scroll of magic mapping
Potions
 c - 2 potions of might
 i - 3 potions of agility
 j - 4 potions of curing
 n - 4 potions of degeneration
 r - 4 potions of brilliance
 w - 2 potions of haste
 A - a potion of ambrosia
 F - 2 potions of flight
 Q - a potion of resistance {unknown}
Miscellaneous
 l - a lamp of fire
Comestibles
 d - 19 rations


   Skills:
 + Level 5.2 Fighting
 + Level 8.7 Dodging
 + Level 1.9 Stealth
 + Level 10.0 Shields
 + Level 13.5 Unarmed Combat


You had 11 spell levels left.
You didn't know any spells.
Your spell library contained the following spells:

 Spells                   Type           Power        Failure   Level  Hunger
 Animate Skeleton         Necr           N/A          86%         1    ##.....
 Apportation              Tloc           #.....       86%         1    ##.....
 Confusing Touch          Hex            #.....       86%         1    ##.....
 Summon Small Mammal      Summ           #...         86%         1    ##.....


Dungeon Overview and Level Annotations

Branches:
Dungeon (11/15)            Temple (1/1) D:6            Lair (6/6) D:9
  Swamp (0/4) Lair:3        Snake (0/4) Lair:4        Slime (1/5) Lair:5
    Orc (0/2) D:9         Ossuary (visited)

Altars:
Ashenzari
Cheibriados
Dithmenos
Elyvilon
Fedhas
Gozag
Hepliaklqana
Kikubaaqudgha
Makhleb
Nemelex Xobeh
Qazlal
Ru
Sif Muna
Trog
Uskayaw
Vehumet
Wu Jian
Xom
Yredelemnul
Zin
The Shining One
Jiyva

Shops:
D:4 (   D:10 [(:

Annotations:
Lair:5 exclusion: oklob plant


Innate Abilities, Weirdness & Mutations

You are too large for most types of armour.
You have claws for hands.
Your metabolism is lightning-fast.
You like to eat raw meat.
Your natural rate of healing is unusually fast.
You are covered in thick fur. (AC +2)
You have extremely tough skin. (AC +3)
You are partially covered in iridescent scales. (AC +2)
You are partially covered in slimy green scales. (AC +2)


Message History

The 12-headed hydra barely misses you.
The 12-headed hydra bites you but does no damage.
You block the 12-headed hydra's attack. The 12-headed hydra bites you.
* * * LOW HITPOINT WARNING * * *
The 12-headed hydra bites you!
* * * LOW HITPOINT WARNING * * *
The 12-headed hydra bites you but does no damage.
The 12-headed hydra bites you.
* * * LOW HITPOINT WARNING * * *
You feel much better. The 12-headed hydra bites you!
* * * LOW HITPOINT WARNING * * *
The 12-headed hydra completely misses you.
You block the 12-headed hydra's attack. The 12-headed hydra bites you!
* * * LOW HITPOINT WARNING * * *
You block the 12-headed hydra's attack. The 12-headed hydra bites you!
* * * LOW HITPOINT WARNING * * *
The 12-headed hydra bites you.
* * * LOW HITPOINT WARNING * * *
You block the 12-headed hydra's attack. x2; The 12-headed hydra bites you!
You die...

.. .##...PPP...
.........!....
.#...........
...P........
####.PP........
#....##...P....
####P..P.P....#
#.............#
#........P@D###
.##
#.....#...###
..# ###.......##
..## #...#.....#
... ##.......#.#
..###........)##
....#........P#
..#...........#
..[............#


You could see a 12-headed hydra.

Vanquished Creatures
  A catoblepas (Lair:3)
  2 hydras (Lair:3)
  3 death yaks (Lair:3)
  An ugly thing (D:10)
  A black mamba (Lair:6)
  10 spiny frogs
  2 komodo dragons
  2 ice devils (Lair:3)
  A tyrant leech (Lair:3)
  3 blink frogs (Lair:5)
  5 hippogriffs
  2 dream sheep (Lair:6)
  2 wraiths (Ossuary)
  13 yaks
  Sigmund (D:2)
  A wyvern (Lair:3)
  A hungry ghost (D:8)
  A basilisk (Lair:5)
  3 swamp worms (Lair:3)
  2 wargs (D:9)
  8 porcupines
  7 water moccasins
  4 orc warriors
  2 sky beasts
  A hornet zombie (D:9)
  5 black bears
  2 ice beasts
  3 centaurs
  7 ogres
  16 wolves
  8 crocodiles
  9 bullfrogs
  3 big kobolds
  2 wyvern zombies (D:7)
  A water moccasin skeleton (D:9)
  4 scorpions
  11 killer bees
  5 wights
  5 howler monkeys (D:8)
  An electric eel (Lair:2)
  3 crimson imps
  A quasit (D:10)
  6 orc priests
  4 hounds
  5 jellies
  5 orc wizards
  2 bullfrog skeletons (D:7)
  5 iguanas
  Jessica (D:2)
  10 worker ants
  A hound skeleton (D:7)
  A howler monkey skeleton (D:6)
  A howler monkey zombie (D:6)
  5 adders
  2 gnolls (D:9)
  2 worker ant zombies
  2 oozes
  4 adder skeletons
  4 adder zombies
  A dart slug (D:4)
  4 leopard geckos
  47 orcs
  7 ball pythons
  3 giant cockroaches
  8 goblins
  4 hobgoblins
  25 jackals
  11 kobolds
  4 quokkas
  A ball python skeleton (Ossuary)
  A bat (D:1)
  2 frilled lizards (D:1)
  2 goblin skeletons (D:8)
  A goblin zombie (D:8)
  2 hobgoblin skeletons (Ossuary)
  2 hobgoblin zombies
  3 jackal skeletons
  A kobold skeleton (D:8)
  A kobold zombie (Ossuary)
  4 orc skeletons
  An orc zombie (D:8)
  2 quokka zombies (D:7)
  6 rats
  A butterfly (Lair:2)
  A plant (Lair:3)
370 creatures vanquished.

Vanquished Creatures (others)
  A plant (Lair:3)
1 creature vanquished.

Grand Total: 371 creatures vanquished

Notes
Turn   | Place    | Note
-------+----------+-------------------------------------------
     0 | D:1      | Divind the Troll Fighter began the quest for the Orb.
     0 | D:1      | Reached XP level 1. HP: 22/22 MP: 0/0
    93 | D:1      | Reached XP level 2. HP: 29/29 MP: 1/1
   829 | D:2      | Noticed Sigmund
   840 | D:2      | Killed Sigmund
   840 | D:2      | Reached skill level 3 in Unarmed Combat
   840 | D:2      | Reached XP level 3. HP: 37/37 MP: 2/2
   840 | D:2      | Reached XP level 4. HP: 45/45 MP: 3/3
   840 | D:2      | Reached XP level 5. HP: 53/53 MP: 4/4
  1018 | D:2      | Noticed Jessica
  1040 | D:2      | Killed Jessica
  1078 | D:2      | You fall into a shaft and drop 2 floors!
  1078 | D:4      | Found a snail-covered altar of Cheibriados.
  1078 | D:4      | Found a hide-covered altar of Uskayaw.
  1078 | D:4      | Found an ancient bone altar of Kikubaaqudgha.
  1078 | D:4      | Found a stormy altar of Qazlal.
  1078 | D:4      | Found a shimmering blue altar of Sif Muna.
  1079 | D:4      | Found a shimmering altar of Xom.
  1181 | D:4      | Reached XP level 6. HP: 61/61 MP: 5/5
  1187 | D:4      | Found Wyhitea's Weapon Boutique.
  1601 | D:4      | Found a sand-covered staircase.
  1610 | Ossuary  | Entered an ossuary
  1708 | Ossuary  | Noticed a wraith
  1708 | Ossuary  | Noticed a flying skull
  1718 | Ossuary  | Noticed a flying skull
  1746 | Ossuary  | Noticed a flying skull
  1754 | Ossuary  | Reached skill level 4 in Unarmed Combat
  1768 | Ossuary  | Noticed a wraith
  1783 | Ossuary  | Killed a wraith
  1843 | Ossuary  | Noticed a wraith
  1855 | Ossuary  | Killed a wraith
  1855 | Ossuary  | Reached skill level 5 in Unarmed Combat
  1855 | Ossuary  | Reached XP level 7. HP: 23/67 MP: 6/6
  2076 | D:5      | Entered Level 5 of the Dungeon
  2455 | D:5      | Reached skill level 6 in Unarmed Combat
  2609 | D:5      | Reached XP level 8. HP: 65/75 MP: 7/7
  3115 | D:6      | Found a staircase to the Ecumenical Temple.
  3125 | D:6      | Reached skill level 7 in Unarmed Combat
  3279 | D:6      | Reached skill level 5 in Dodging
  3285 | D:6      | Reached skill level 5 in Shields
  3645 | D:7      | Gained mutation: You tend to lose your temper in combat.
                  | [potion of mutation]
  3645 | D:7      | Gained mutation: Your mind is acute. (Int +2) [potion of
                  | mutation]
  3645 | D:7      | Gained mutation: You can translocate small distances at
                  | will. [potion of mutation]
  3645 | D:7      | Gained mutation: You are partially covered in slimy green
                  | scales. (AC +2) [potion of mutation]
  3710 | D:7      | Reached XP level 9. HP: 40/84 MP: 8/8
  3876 | D:7      | Reached skill level 8 in Unarmed Combat
  4357 | D:7      | Lost mutation: You tend to lose your temper in combat.
                  | [potion of mutation]
  4357 | D:7      | Lost mutation: Your mind is acute. (Int +2) [potion of
                  | mutation]
  4357 | D:7      | Lost mutation: You can translocate small distances at will.
                  | [potion of mutation]
  4357 | D:7      | Gained mutation: You are clumsy. (Dex -2) [potion of
                  | mutation]
  4357 | D:7      | Gained mutation: You have a pair of small horns on your
                  | head. [potion of mutation]
  4357 | D:7      | Gained mutation: Your magical capacity is low. (-10% MP)
                  | [potion of mutation]
  4357 | D:7      | Gained mutation: Your flesh is cold resistant. (rC+)
                  | [potion of mutation]
  4800 | D:8      | Found a glowing golden altar of the Shining One.
  4814 | D:8      | Reached skill level 9 in Unarmed Combat
  4887 | D:8      | Reached XP level 10. HP: 91/94 MP: 8/8
  5328 | D:8      | Reached skill level 1 in Stealth
  5816 | D:9      | Reached skill level 10 in Unarmed Combat
  5852 | D:9      | Found a staircase to the Lair.
  6320 | D:9      | Found a flagged portal.
  6593 | D:9      | Found a staircase to the Orcish Mines.
  6791 | D:10     | Entered Level 10 of the Dungeon
  6793 | D:10     | Noticed a red ugly thing
  6814 | D:10     | Killed a red ugly thing
  7014 | D:10     | Reached skill level 11 in Unarmed Combat
  7033 | D:10     | Found Xaryry Roepp's Antique Weapon Boutique.
  7043 | D:10     | Found Horph's Book Shoppe.
  7196 | D:10     | Found Cisosh's Armour Emporium.
  7223 | D:10     | Found Goxepayroe's Antique Weapon Emporium.
  7238 | D:10     | Got a fine amethyst amulet
  7239 | D:10     | Identified the amulet of Amivatz {rN++ Regen+ Stlth+} (You
                  | found it on level 10 of the Dungeon)
  7304 | D:10     | Found a white marble altar of Elyvilon.
  7589 | Temple   | Entered the Ecumenical Temple
  7846 | Lair:1   | Entered Level 1 of the Lair of Beasts
  7941 | Lair:1   | Noticed a spiny frog
  7954 | Lair:1   | Killed a spiny frog
  7963 | Lair:1   | Reached XP level 11. HP: 96/101 MP: 8/8
  8438 | Lair:1   | Lost mutation: You have a pair of small horns on your head.
                  | [potion of mutation]
  8438 | Lair:1   | Lost mutation: You are partially covered in slimy green
                  | scales. (AC +2) [potion of mutation]
  8438 | Lair:1   | Lost mutation: You are clumsy. (Dex -2) [potion of
                  | mutation]
  8438 | Lair:1   | Lost mutation: Your flesh is cold resistant. (rC+) [potion
                  | of mutation]
  8438 | Lair:1   | Lost mutation: Your magical capacity is low. (-10% MP)
                  | [potion of mutation]
  8438 | Lair:1   | Gained mutation: You are covered in thick fur. (AC +2)
                  | [potion of mutation]
  8438 | Lair:1   | Gained mutation: You are partially covered in slimy green
                  | scales. (AC +2) [potion of mutation]
  8438 | Lair:1   | Gained mutation: You are partially covered in iridescent
                  | scales. (AC +2) [potion of mutation]
  9106 | Lair:2   | You fall into a shaft and drop 2 floors!
  9113 | Lair:4   | Reached skill level 12 in Unarmed Combat
  9226 | Lair:3   | Noticed a catoblepas
  9339 | Lair:3   | Killed a catoblepas
  9372 | Lair:3   | Reached skill level 5 in Fighting
  9485 | Lair:3   | Noticed a death yak
  9486 | Lair:3   | Noticed a death yak
  9486 | Lair:3   | Noticed a death yak
  9509 | Lair:3   | Killed a death yak
  9516 | Lair:3   | Killed a death yak
  9523 | Lair:3   | Killed a death yak
  9523 | Lair:3   | Reached XP level 12. HP: 72/111 MP: 11/11
  9753 | Lair:3   | Found a basalt altar of Yredelemnul.
 10252 | Lair:3   | Reached skill level 13 in Unarmed Combat
 10315 | Lair:3   | Noticed an eight-headed hydra
 10319 | Lair:3   | Noticed a four-headed hydra
 10343 | Lair:3   | Killed a four-headed hydra
 10348 | Lair:3   | Killed a nine-headed hydra
 10508 | Lair:3   | Found a staircase to the Swamp.
 10997 | Lair:4   | Found a staircase to the Snake Pit.
 10999 | Lair:4   | You fall into a shaft and drop 2 floors!
 10999 | Lair:6   | Entered Level 6 of the Lair of Beasts
 11206 | Lair:5   | Got a shimmering glass ring
 11208 | Lair:5   | Identified the ring "Jyochov" {rF++ Slay+4} (You found it
                  | on level 5 of the Lair of Beasts)
 11247 | Lair:5   | Found a staircase to the Slime Pits.
 11248 | Lair:5   | Found a viscous altar of Jiyva.
 11259 | Slime:1  | Entered Level 1 of the Pits of Slime
 11263 | Lair:5   | Became a worshipper of Jiyva Jyosojeu the Shapeless
 11353 | Lair:5   | Reached skill level 10 in Shields
 11388 | Lair:5   | Noticed a five-headed hydra
 11401 | Lair:5   | HP: 5/111 [12-headed hydra (13)]
 11401 | Lair:5   | Slain by a 12-headed hydra

Levels and vault maps discovered:
D:1:      kennysheep_arrival_seaside, layout_loops_ring, serial_rivers,
          chequers_serial_rivers_room_b, chequers_serial_rivers_room_a,
          chequers_serial_rivers_micro_c, chequers_serial_rivers_micro_b,
          chequers_serial_rivers_small_3
D:2:      layout_loops_cross, minmay_cupped, uniq_jessica, uniq_sigmund
D:4:      layout_cave_pools, grunt_temple_overflow_open,
          chequers_ossuary_entry_cave, serial_shops, nicolae_shop_trees,
          first_ration
D:5:      layout_loops_corners, grunt_ministairs_10
D:6:      layout_rooms, minmay_temple_entry_water_ring
D:7:      cheibrodos_fzero, layout_basic
D:8:      layout_basic, blue_anna_alchemist [blue_anna_fruit_fields,
          blue_anna_fruit_fields], grunt_ministairs_11,
          nicolae_tso_besieged_by_evil
D:9:      layout_loops_ring, erik_lair_orcish_takeover, hiddenorc1_lemuel,
          enter_bailey_3
D:10:     layout_long_grid, serial_shops, shop, kennysheep_mini,
          kennysheep_mini_moat, shop, basic_altar, minmay_liquid_box,
          lemuel_flame_loot_1
D:11:     layout_stronghold
Temple:   regret_index_temple_waves
Lair:1:   layout_chaotic_city
Lair:2:   layout_chaotic_city, ebering_ghost_inner_flame, serial_bayou_shore_a,
          infiniplex_staircase_pool, grunt_megastairs_4, lemuel_fruit_fields
Lair:3:   layout_cave_pods, palyth_hydra_swamp_entry, basic_altar,
          portal_ice_cave_demonic_guard, worms_lemuel, serial_bayou_shore_b
Lair:4:   layout_cave_pods, minmay_snake_entry_guardpost_small
Lair:5:   layout_misc_corridors, slime_altar_1, serial_bayou_ford_a,
          columned_hall_lemuel, st_stairs_6, minmay_lair_oklob_bushes,
          hangedman_lair_unloving_vines
Lair:6:   minmay_lair_end_enchanted_forest, layout_cave_shapes,
          hangedman_lair_generics_rect, lemuel_fruit_tree,
          infiniplex_staircase_pool_2, uniq_snorg
Slime:1:  cheibrodos_slime_lost_civilization_8, layout_caves

Skill      XL: |  1  2  3  4  5  6  7  8  9 10 11 12 |
---------------+-------------------------------------+-----
Fighting       | 3 4 5 |  5.2
Dodging        | 3 4 5 6 7 8 |  8.7
Shields        | 3 4 5 6 7 9 10 | 10.0
Unarmed Combat | 3 5 6 7 9 11 12 13 | 13.5
Stealth        | 1 |  1.9

Action                   |  1- 3 |  4- 6 |  7- 9 | 10-12 || total
-------------------------+-------+-------+-------+-------++-------
Melee: Unarmed           |    62 |   134 |   461 |   609 ||  1266
       Headbutt          |       |       |    11 |    52 ||    63
 Abil: Blink             |       |       |     1 |       ||     1
  Use: Scroll            |       |     6 |    11 |    12 ||    29
       Potion            |       |       |     3 |    10 ||    13
 Stab: Sleeping          |       |       |       |     2 ||     2
  Eat: Chunk             |     6 |    16 |    29 |    54 ||   105
       Ration            |       |       |       |     1 ||     1
Armor: Robe              |    21 |    39 |   102 |   153 ||   315
       Skin              |       |       |       |    55 ||    55
Dodge: Dodged            |    18 |    49 |   169 |   163 ||   399
Block: Shield            |    20 |    61 |   276 |   198 ||   555
       Reflection        |       |       |     2 |     2 ||     4
       Large shield      |       |       |       |   429 ||   429
